 Dungeon Crawl Stone Soup version 0.29-a0-802-g34511f41fd (webtiles) character file.

Game seed: 8806828589179379132

11818 shukka the Cleaver (level 11, 0/105 HPs)
             Began as a Minotaur Berserker on July 3, 2022.
             Was a High Priest of Trog.
             Slain by a kobold brigand
             ... wielding a +2 dagger of electrocution
              (8 damage)
             ... on level 10 of the Dungeon.
             The game lasted 00:43:07 (11314 turns).

shukka the Cleaver (Minotaur Berserker)            Turns: 11314, Time: 00:43:07

Health: 0/105      AC: 14    Str: 26    XL:     11   Next: 54%
Magic:  10/10      EV: 11    Int:  4    God:    Trog [*****.]
Gold:   474        SH:  5    Dex: 10    Spells: 10/10 levels left

rFire   . . .      SeeInvis .   p - +1 hand axe (vamp)
rCold   . . .      Faith    .   (no shield)
rNeg    . . .      Spirit   .   w - +2 ring mail {rPois}
rPois   +          Reflect  +   (helmet restricted)
rElec   .          Harm     .   (no cloak)
rCorr   .          Rampage  .   N - +1 pair of gloves
Will    .....                   g - +1 pair of boots
Stlth   ..........              h - amulet of reflection
HPRegen 0.27/turn               r - ring of flight
MPRegen 0.12/turn               (no ring)

@: on berserk cooldown, flying, slowed, very slow
A: horns 2, retaliatory headbutt
a: Renounce Religion, Berserk, Trog's Hand, Brothers in Arms


You were on level 10 of the Dungeon.
You worshipped Trog.
Trog was extremely pleased with you.
You visited 1 branch of the dungeon, and saw 10 of its levels.

You collected 530 gold pieces.
You spent 56 gold pieces at shops.

Inventory:

Hand Weapons
 i - a +0 sling
 p - a +1 vampiric hand axe (weapon)
 J - a +4 great sword of protection
 K - a +2 vorpal flail
 O - a +3 halberd
Missiles
 c - 13 poisoned darts (quivered)
 f - 63 stones
 x - a boomerang
 L - 3 silver boomerangs
 P - 2 curare-tipped darts
Armour
 g - a +1 pair of boots (worn)
 q - +0 acid dragon scales
 w - a +2 ring mail of poison resistance (worn)
 N - a +1 pair of gloves (worn)
Jewellery
 h - an amulet of reflection (around neck)
 k - a ring of fire
 l - a ring of ice
 r - a ring of flight (left hand)
Wands
 u - a wand of digging (14)
 C - a wand of charming (14)
 H - a wand of light (22)
Scrolls
 b - 2 scrolls of enchant armour
 e - 2 scrolls of amnesia {unknown}
 m - 3 scrolls of magic mapping
 s - a scroll of fear
 t - 3 scrolls of poison
 y - a scroll of fog
 z - 2 scrolls of identify
 B - a scroll of noise {unknown}
Potions
 a - a potion of attraction {unknown}
 d - a potion of resistance
 j - a potion of cancellation
 n - 7 potions of curing
 o - 3 potions of haste
 v - 3 potions of brilliance
 A - a potion of berserk rage {unknown}
 E - 2 potions of flight
 F - 6 potions of mutation
 G - 2 potions of lignification


   Skills:
 + Level 12.6 Fighting
 + Level 14.3 Axes
 + Level 12.3 Armour
 - Level 2.2 Dodging


You had 10 spell levels left.
You didn't know any spells.
Your spell library was empty.

Dungeon Overview and Level Annotations

Branches:
Dungeon (10/15)            Temple (0/1) D:7            Lair (0/6) D:9
    Orc (0/2) D:10

Altars:
Cheibriados
Elyvilon
Makhleb
Nemelex Xobeh
Sif Muna
Trog
Vehumet
Wu Jian
Xom
Yredelemnul

Shops:
D:1 =   D:5 *   D:6 =*(

Annotations:
D:8 1 runed translucent door


Innate Abilities, Weirdness & Mutations

You have a pair of horns on your head.
You reflexively headbutt those who attack you in melee.


Message History

The kobold brigand is almost dead.
You hit the tengu conjurer but do no damage.
The kobold brigand completely misses you.
The tengu conjurer gestures at you while chanting.
The bolt of lightning hits you!!
* * * LOW HITPOINT WARNING * * *
You feel much better.
An ice beast comes into view.
The kobold brigand hits you but does no damage.
You are electrocuted!
* * * LOW HITPOINT WARNING * * *
The tengu conjurer hits you but does no damage.
The tengu conjurer pecks you but does no damage.
The tengu conjurer completely misses you.
The kobold brigand hits you with a +2 dagger of electrocution.
* * * LOW HITPOINT WARNING * * *
The kobold brigand attacks as you move away!
The kobold brigand hits you with a +2 dagger of electrocution.
* * * LOW HITPOINT WARNING * * *
The tengu conjurer mumbles some strange words.
The tengu conjurer conjures a globe of magical energy!
A battlesphere comes into view.
The kobold brigand hits you but does no damage.
The battlesphere moves out of view.
You see here a +0 mace.
You feel much better.
The kobold brigand hits you but does no damage.
You are electrocuted!
* * * LOW HITPOINT WARNING * * *
The kobold brigand hits you but does no damage.
You are electrocuted!
* * * LOW HITPOINT WARNING * * *
The kobold brigand attacks as you move away!
The kobold brigand hits you but does no damage.
Your two-headed ogre goes berserk!
Something hits your two-headed ogre. Something pecks your two-headed ogre.
Something barely misses your two-headed ogre.
The kobold brigand hits you but does no damage.
You are electrocuted!
You die...

######...............#).)##.).#.
.............).......###..)...##
.....................# #.##.###
.........8...######### ######
.............# #..#
........)....# #..#
.<...........############..#
..............)............#####
..............K@..........).....
.######.#####O###########.......
#.# ###.# #....### #.# #.Q.##
#..#.'.. #.. #*#..# #..#.###
≈≈≈.≈YS.S# #....... ..≈..≈≈≈...
#......# ≈≈≈≈≈≈≈≈≈≈≈≈.. #..#####
≈≈....≈≈...≈≈≈.# #.<#


You could see a kobold brigand (ally target) and a friendly two-headed ogre
(summoned, berserk).

Vanquished Creatures
  2 two-headed ogres
  A death yak (D:10)
  A wizard (D:10)
  2 deep elf pyromancers (D:10)
  A gargoyle (D:10)
  2 polar bears (D:10)
  A shadow (D:10)
  2 centaur simulacra (D:10)
  3 wyverns (D:9)
  An unseen horror simulacrum (D:10)
  5 yaks (D:10)
  An acid dragon (D:9)
  2 water moccasins (D:5)
  An ice beast (D:10)
  3 sky beasts
  3 orc warriors
  2 ogres
  3 wolves (D:10)
  2 centaurs
  4 phantoms
  3 kobold brigands
  A necrophage (D:8)
  A gnoll sergeant (D:6)
  3 scorpions (D:5)
  4 bullfrogs (D:8)
  7 wights
  25 killer bees
  4 howler monkeys
  A jelly (D:7)
  2 electric eels
  2 gnoll boudas
  4 hounds
  2 orc priests
  2 iguanas
  15 orc wizards
  22 gnolls
  7 adders
  2 shadow imps (D:7)
  6 white imps
  3 ufetubi (D:10)
  2 worms
  5 dart slugs
  38 orcs
  5 ball pythons
  6 bats
  5 endoplasms
  4 giant cockroaches
  10 goblins
  9 hobgoblins
  4 jackals (D:3)
  A quokka (D:1)
  4 frilled lizards
  15 kobolds
  9 rats
275 creatures vanquished.

Vanquished Creatures (collateral kills)
  A two-headed ogre (D:9)
  A wraith (D:9)
  A killer bee (D:9)
  3 howler monkeys (D:9)
6 creatures vanquished.

Vanquished Creatures (others)
  A yak (D:9)
  A howler monkey (D:9)
  An orc priest (D:9)
  An orc wizard (D:9)
  A white imp (D:10)
  10 plants (D:7)
15 creatures vanquished.

Grand Total: 296 creatures vanquished

Notes
Turn   | Place    | Note
-------+----------+-------------------------------------------
     0 | D:1      | shukka the Minotaur Berserker began the quest for the Orb.
     0 | D:1      | Reached XP level 1. HP: 19/19 MP: 0/0
    27 | D:1      | Found Gerir's Jewellery Emporium.
    72 | D:1      | Reached skill level 4 in Axes
   165 | D:1      | Reached XP level 2. HP: 26/26 MP: 1/1
   401 | D:1      | Reached ** piety under Trog
   404 | D:1      | Reached skill level 5 in Axes
   448 | D:1      | Reached XP level 3. HP: 31/31 MP: 2/2
  1682 | D:2      | Reached XP level 4. HP: 39/39 MP: 3/3
  1945 | D:3      | Reached skill level 6 in Axes
  1985 | D:3      | Reached *** piety under Trog
  2473 | D:3      | Reached XP level 5. HP: 40/45 MP: 4/4
  2554 | D:3      | Noticed an ogre
  2558 | D:3      | Killed an ogre
  2559 | D:3      | Reached skill level 7 in Axes
  2777 | D:3      | Reached skill level 8 in Axes
  3015 | D:4      | Found a shimmering blue altar of Sif Muna.
  3160 | D:4      | Noticed a phantom
  3176 | D:4      | Killed a phantom
  3177 | D:4      | Reached XP level 6. HP: 45/52 MP: 5/5
  3350 | D:4      | Found a burning altar of Makhleb.
  3415 | D:5      | Entered Level 5 of the Dungeon
  3466 | D:5      | Noticed a water moccasin
  3478 | D:5      | Killed a water moccasin
  3660 | D:5      | Found Tudacisi's General Store.
  3677 | D:5      | Reached XP level 7. HP: 60/60 MP: 6/6
  3678 | D:5      | Reached skill level 5 in Fighting
  3842 | D:5      | Found a bloodstained altar of Trog.
  3904 | D:5      | Reached skill level 9 in Axes
  4169 | D:5      | Reached skill level 5 in Armour
  4258 | D:5      | Reached XP level 8. HP: 70/70 MP: 7/7
  4744 | D:6      | Found Feupely's General Store.
  4820 | D:6      | Found Qakhlutzi's Antique Weapon Emporium.
  4888 | D:6      | Reached **** piety under Trog
  5095 | D:6      | Reached skill level 10 in Axes
  5513 | D:6      | Found Byhin's Jewellery Emporium.
  6481 | D:5      | Bought a scroll of identify for 28 gold pieces
  6481 | D:5      | Bought a scroll of identify for 28 gold pieces
  6559 | D:7      | Reached XP level 9. HP: 81/81 MP: 8/8
  6574 | D:7      | Found an ornate altar of the Wu Jian Council.
  6894 | D:7      | Found a staircase to the Ecumenical Temple.
  6942 | D:7      | Found a snail-covered altar of Cheibriados.
  7032 | D:7      | Found a white marble altar of Elyvilon.
  7085 | D:7      | Reached skill level 11 in Axes
  7139 | D:7      | Found a basalt altar of Yredelemnul.
  7141 | D:7      | Found a sparkling altar of Nemelex Xobeh.
  8340 | D:8      | Found a runed translucent door.
  8494 | D:8      | Noticed a white ugly thing
  8494 | D:8      | Noticed a five-headed hydra
  8516 | D:9      | Noticed a two-headed ogre
  8543 | D:9      | Killed a two-headed ogre
  8544 | D:9      | Reached skill level 10 in Fighting
  8544 | D:9      | Reached skill level 12 in Axes
  8544 | D:9      | Reached XP level 10. HP: 25/93 MP: 9/9
  8904 | D:8      | Found a runed translucent door.
  9137 | D:9      | Reached skill level 10 in Armour
  9307 | D:9      | Found a shimmering altar of Xom.
  9315 | D:9      | Found a staircase to the Lair.
  9709 | D:9      | Noticed a two-headed ogre
  9736 | D:9      | Killed a two-headed ogre
  9737 | D:9      | Reached skill level 13 in Axes
  9940 | D:10     | Entered Level 10 of the Dungeon
 10272 | D:10     | Reached ***** piety under Trog
 10352 | D:10     | Found a staircase to the Orcish Mines.
 10417 | D:10     | Reached XP level 11. HP: 103/103 MP: 10/10
 10579 | D:10     | Noticed a two-headed ogre
 10603 | D:10     | Killed a two-headed ogre
 10773 | D:10     | Noticed a deep elf pyromancer
 10785 | D:10     | Killed a deep elf pyromancer
 10937 | D:10     | Noticed a deep elf pyromancer
 10939 | D:10     | Noticed a wizard
 10942 | D:10     | Killed a deep elf pyromancer
 11048 | D:10     | Found a radiant altar of Vehumet.
 11189 | D:10     | Noticed a wizard
 11207 | D:10     | Killed a wizard
 11208 | D:10     | Reached skill level 14 in Axes
 11258 | D:10     | Identified the +6 war axe of Breach {pain, Int+4 Dex+4}
 11271 | D:10     | Noticed a death yak
 11301 | D:10     | Killed a death yak
 11307 | D:10     | HP: 4/105 [tengu conjurer/bolt of lightning (29)]
 11314 | D:10     | Slain by a kobold brigand

Illustrated notes

Levels and vault maps discovered:
D:1:      eino_arrival_cavern_a, layout_basic, serial_shops, shop,
          minmay_close_crescents
D:2:      layout_loops_corners
D:3:      layout_basic
D:4:      layout_rooms, bloody_makhleb, mainiacjoe_overflow_alcove_4
D:5:      layout_cave_pods, lightli_temple_of_fire, minmay_misc_feat_hallway,
          kennysheep_windowed_goal
D:6:      layout_basic, serial_shops, nicolae_stop_n_shop_1, shop, shop,
          grunt_ministairs_12, lightli_orcish_oven
D:7:      layout_cave_pools, lemuel_round_altar, jmf_multi_god_temple,
          mainiacjoe_overflow_alcove_2, nicolae_elyvilon_temple_path,
          minmay_temple_entry_junction
D:8:      cheibrodos_histonic, layout_loops_ring, st_stairs_12, minivault_19
D:9:      layout_big_octagon, xom_confusion_cloud, lair_entry_dummy,
          corner_web_ring
D:10:     layout_long_grid, mainiacjoe_overflow_surrounded_room, erik_orc_3,
          serial_ice, serial_ice_j, serial_ice_b, serial_ice_a, serial_ice_g,
          serial_ice_f, serial_ice_n, serial_ice_h, serial_ice_e,
          minmay_misc_feat_room, bh_hangedman_babel_library

Skill      XL: |  1  2  3  4  5  6  7  8  9 10 11 |
---------------+----------------------------------+-----
Axes           | 4 5 6 8 9 10 12 13 14 | 14.3
Fighting       | 4 6 7 10 11 12 | 12.6
Armour         | 3 5 7 9 11 12 | 12.3
Dodging        | |  2.2

Action                   |  1- 3 |  4- 6 |  7- 9 | 10-12 || total
-------------------------+-------+-------+-------+-------++-------
Melee: Hand axe          |    82 |   115 |   399 |   316 ||   912
       Headbutt          |    11 |    16 |    58 |    70 ||   155
       Great sword       |       |       |    11 |       ||    11
       Punch             |       |       |     5 |     5 ||    10
Throw: Dart              |       |       |     6 |     8 ||    14
Invok: Trog's Hand       |       |     1 |       |     1 ||     2
       Berserk           |       |     1 |     6 |     8 ||    15
       Brothers in Arms  |       |       |     1 |     1 ||     2
  Use: Scroll            |       |       |    15 |     6 ||    21
       Potion            |       |       |     1 |     2 ||     3
Armor: Animal skin       |     3 |       |       |       ||     3
       Ring mail         |    21 |    24 |   133 |   135 ||   313
Dodge: Dodged            |    45 |    34 |   140 |   132 ||   351
Block: Other             |     7 |    20 |    71 |    66 ||   164
       Reflection        |     3 |       |     1 |       ||     4

Table legend: (Time is in decaauts)
 A = Elapsed time spent in this place.
 B = Non-inter-level travel time spent in this place.
 C = Inter-level travel time spent in this place.
 D = Time resting spent in this place.
 E = Time spent auto-exploring this place.
 F = Levels seen in this place.
 G = Mean time per level.
                   A        B        C        D        E       F      G
               +--------+--------+--------+--------+--------+-----+--------+
         Total |  11258 |  10868 |    390 |   2145 |   6073 |  10 | 1125.8 |
       Dungeon |  11258 |  10868 |    390 |   2145 |   6073 |  10 | 1125.8 |
               +--------+--------+--------+--------+--------+-----+--------+

Top non-repeatable levels by time:
     D:6: 1613 daAuts
     D:8: 1532 daAuts
     D:5: 1418 daAuts
    D:10: 1364 daAuts
     D:2: 1078 daAuts
     D:3: 966 daAuts
     D:1: 933 daAuts
     D:7: 910 daAuts
     D:9: 890 daAuts
     D:4: 551 daAuts
